MLB
MILWAUKEE BREWERS @ CHICAGO CUBS
09/12/2018
 
TOP OF THE 1ST
Milwaukee Brewers batting - Pitching for Chicago Cubs : RHP Masahiro Tanaka
Pitching: RHP Masahiro Tanaka
Batting: RHB Tommy Pham 0-0: Fly out, F9 (Line Drive, 9)
Batting: RHB Aaron Judge 0-0: Ball
1-0: Called Strike
1-1: Swinging Strike
1-2: Ball
2-2: Strikes out swinging
Batting: RHB Logan Forsythe 0-0: Ball
1-0: Foul Ball, location: 2F
1-1: Foul Ball, location: 2F
1-2: Foul Ball, location: 2F
1-2: Ground out 6-3 (Groundball, 6)
Top of the 1st over - 0 runs, 0 hits, 0 errors, 0 left on base; Milwaukee 0 - Chicago 0
BOTTOM OF THE 1ST
Chicago Cubs batting - Pitching for Milwaukee Brewers : RHP Collin McHugh
Pitching: RHP Collin McHugh
Batting: SHB Yoan Moncada 0-0: Called Strike
0-1: Foul Ball, location: 2F
0-2: Foul Ball, location: 2F
0-2: Ball
1-2: Foul Ball, location: 2F
1-2: Strikes out looking
Batting: LHB Carlos Asuaje 0-0: Ball
1-0: Ball
2-0: Fly out, F2 (Popup, 2LF)
Batting: LHB Cody Bellinger 0-0: Ball
1-0: Called Strike
1-1: Swinging Strike
1-2: Ball
2-2: Foul Ball, location: 2F
2-2: Foul Ball, location: 2F
2-2: Strikes out swinging
Bottom of the 1st over - 0 runs, 0 hits, 0 errors, 0 left on base; Milwaukee 0 - Chicago 0
TOP OF THE 2ND
Milwaukee Brewers batting - Pitching for Chicago Cubs : RHP Masahiro Tanaka
Batting: LHB Seth Smith 0-0: Ball
1-0: Foul Ball, location: 2F
1-1: Foul Ball, location: 2F
1-2: Ball
2-2: SINGLE (Line Drive, 8LS)
Batting: RHB Miguel Cabrera 0-0: Swinging Strike
0-1: Swinging Strike
0-2: Strikes out swinging
Batting: RHB Eugenio Suarez 0-0: Ball
Wild Pitch!
Seth Smith to second
1-0: Foul Ball, location: 2F
1-1: Ball
2-1: Swinging Strike
2-2: Foul Ball, location: 2F
2-2: Strikes out swinging
Batting: RHB Addison Russell 0-0: Intentional Walk
Batting: RHB Collin McHugh 0-0: Called Strike
0-1: Foul Ball, location: 2F
0-2: Ball
1-2: Ball
2-2: Ball
3-2: Foul Ball, location: 2F
3-2: Strikes out looking
Top of the 2nd over - 0 runs, 1 hit, 0 errors, 2 left on base; Milwaukee 0 - Chicago 0
BOTTOM OF THE 2ND
Chicago Cubs batting - Pitching for Milwaukee Brewers : RHP Collin McHugh
Batting: RHB Willson Contreras 0-0: Foul Ball, location: 2F
0-1: Swinging Strike
0-2: Strikes out swinging
Batting: RHB Stephen Piscotty 0-0: Called Strike
0-1: Ball
1-1: Swinging Strike
1-2: Ball
2-2: DOUBLE (Line Drive, 78M)
Batting: RHB Jedd Gyorko 0-0: Foul Ball, location: 2F
0-1: DOUBLE (Flyball, 8RXD)
Stephen Piscotty scores
Batting: SHB Ehire Adrianza 0-0: Fly out, F2 (Popup, 2RF)
Batting: RHB Kyle Lewis 0-0: Ball
1-0: DOUBLE (Line Drive, 78D)
Jedd Gyorko scores
Batting: RHB Masahiro Tanaka 0-0: Ball
1-0: Foul Ball, location: 2F
1-1: Ball
2-1: Ground out 1-3 (Groundball, 13)
Bottom of the 2nd over - 2 runs, 3 hits, 0 errors, 1 left on base; Milwaukee 0 - Chicago 2
TOP OF THE 3RD
Milwaukee Brewers batting - Pitching for Chicago Cubs : RHP Masahiro Tanaka
Batting: RHB Austin Barnes 0-0: Ball
1-0: Ball
2-0: Foul Ball, location: 2F
2-1: Ball
3-1: Swinging Strike
3-2: Foul Ball, location: 2F
3-2: Foul Ball, location: 2F
3-2: SINGLE (Groundball, 6MD)
Batting: RHB Tommy Pham 0-0: Ball
1-0: Ball
2-0: Foul Ball, location: 2F
2-1: Foul Ball, location: 2F
2-2: Strikes out swinging
Batting: RHB Aaron Judge 0-0: Called Strike
0-1: Ball
1-1: Called Strike
1-2: Foul Ball, location: 2F
1-2: Foul Ball, location: 2F
1-2: Strikes out swinging
Batting: RHB Logan Forsythe 0-0: Ball
1-0: Ball
2-0: Called Strike
2-1: Ball
3-1: Base on Balls
Austin Barnes to second
Batting: LHB Seth Smith 0-0: Called Strike
0-1: Ball
1-1: Foul Ball, location: 2F
1-2: Strikes out swinging
Top of the 3rd over - 0 runs, 1 hit, 0 errors, 2 left on base; Milwaukee 0 - Chicago 2
BOTTOM OF THE 3RD
Chicago Cubs batting - Pitching for Milwaukee Brewers : RHP Collin McHugh
Batting: SHB Yoan Moncada 0-0: Called Strike
0-1: Ball
1-1: SINGLE (Flyball, 78S)
Batting: LHB Carlos Asuaje 0-0: Ball
1-0: Ball
2-0: Foul Ball, location: 2F
2-1: Foul Ball, location: 2F
2-2: Ball
3-2: SINGLE (Groundball, 34D)
Yoan Moncada to second
Runner from 2nd tries for 3rd, SAFE, throw by RF made to third
Batting: LHB Cody Bellinger 0-0: Ball
1-0: Called Strike
1-1: Ball
2-1: Foul Ball, location: 2F
2-2: Strikes out swinging
Batting: RHB Willson Contreras 0-0: Called Strike
0-1: Ball
1-1: Ball
2-1: Called Strike
2-2: Foul Ball, location: 2F
2-2: Ball
3-2: Strikes out swinging
Batting: RHB Stephen Piscotty 0-0: Ball
1-0: Ball
2-0: Called Strike
2-1: Ball
3-1: Ground out 4-3 (Groundball, 4)
Bottom of the 3rd over - 0 runs, 2 hits, 0 errors, 2 left on base; Milwaukee 0 - Chicago 2
TOP OF THE 4TH
Milwaukee Brewers batting - Pitching for Chicago Cubs : RHP Masahiro Tanaka
Batting: RHB Miguel Cabrera 0-0: Ball
1-0: Ball
2-0: Foul Ball, location: 2F
2-1: Called Strike
2-2: Ball
3-2: Base on Balls
Batting: RHB Eugenio Suarez 0-0: Foul Ball, location: 2F
0-1: SINGLE (Flyball, 9LS)
Miguel Cabrera to second
Batting: RHB Addison Russell 0-0: Called Strike
0-1: Called Strike
0-2: Strikes out swinging
Batting: RHB Collin McHugh 0-0: Called Strike
0-1: Ball
1-1: Foul Ball, location: 2F
1-2: Foul Ball, location: 2F
1-2: Foul Ball, location: 2F
1-2: Strikes out swinging
Batting: RHB Austin Barnes 0-0: Called Strike
0-1: Swinging Strike
0-2: Strikes out looking
Top of the 4th over - 0 runs, 1 hit, 0 errors, 2 left on base; Milwaukee 0 - Chicago 2
BOTTOM OF THE 4TH
Chicago Cubs batting - Pitching for Milwaukee Brewers : RHP Collin McHugh
Batting: RHB Jedd Gyorko 0-0: Ball
1-0: Ball
2-0: Called Strike
2-1: Foul Ball, location: 2F
2-2: Strikes out swinging
Batting: SHB Ehire Adrianza 0-0: Foul Ball, location: 2F
0-1: Called Strike
0-2: Fly out, F7 (Flyball, 7D)
Batting: RHB Kyle Lewis 0-0: Ball
1-0: Foul Ball, location: 2F
1-1: SINGLE (Groundball, 6D)
Batting: RHB Masahiro Tanaka 0-0: Ball
1-0: Ball
2-0: Fielders Choice at 2nd, 5-4 (Groundball, 5)
Bottom of the 4th over - 0 runs, 1 hit, 0 errors, 1 left on base; Milwaukee 0 - Chicago 2
TOP OF THE 5TH
Milwaukee Brewers batting - Pitching for Chicago Cubs : RHP Masahiro Tanaka
Batting: RHB Tommy Pham 0-0: Swinging Strike
0-1: Ground out 6-3 (Groundball, 6)
Batting: RHB Aaron Judge 0-0: Foul Ball, location: 2F
0-1: Foul Ball, location: 2F
0-2: Fly out, F3 (Popup, 34)
Batting: RHB Logan Forsythe 0-0: Ball
1-0: Called Strike
1-1: Ball
2-1: Foul Ball, location: 2F
2-2: Ground out 6-3 (Groundball, 56)
Top of the 5th over - 0 runs, 0 hits, 0 errors, 0 left on base; Milwaukee 0 - Chicago 2
BOTTOM OF THE 5TH
Chicago Cubs batting - Pitching for Milwaukee Brewers : RHP Collin McHugh
Batting: SHB Yoan Moncada 0-0: Ball
1-0: Foul Ball, location: 2F
1-1: Fly out, F8 (Flyball, 8RM)
Batting: LHB Carlos Asuaje 0-0: Ball
1-0: Ball
2-0: Foul Ball, location: 2F
2-1: Swinging Strike
2-2: Strikes out swinging
Batting: LHB Cody Bellinger 0-0: Foul Ball, location: 2F
0-1: Fly out, F6 (Flyball, 6D)
Bottom of the 5th over - 0 runs, 0 hits, 0 errors, 0 left on base; Milwaukee 0 - Chicago 2
TOP OF THE 6TH
Milwaukee Brewers batting - Pitching for Chicago Cubs : RHP Masahiro Tanaka
Batting: LHB Seth Smith 0-0: Foul Ball, location: 2F
0-1: Ball
1-1: Swinging Strike
1-2: Foul Ball, location: 2F
1-2: Foul Ball, location: 2F
1-2: Foul Ball, location: 2F
1-2: Ball
2-2: Ball
3-2: Strikes out looking
Batting: RHB Miguel Cabrera 0-0: Ball
1-0: Ball
2-0: Foul Ball, location: 2F
2-1: Ball
3-1: SINGLE (Groundball, 56D)
Batting: RHB Eugenio Suarez 0-0: DOUBLE (Line Drive, 7LM)
Miguel Cabrera to third
Runner from 3rd tries for Home, SAFE, throw by LF to home
Pitching: RHP David Phelps
Batting: RHB Addison Russell 0-0: DOUBLE (Flyball, 78D)
Eugenio Suarez scores
Batting: RHB Collin McHugh 0-0: Ball
1-0: Called Strike
1-1: Called Strike
1-2: Fly out, F8 (Line Drive, 8LD)
Batting: RHB Austin Barnes 0-0: Ball
1-0: Foul Ball, location: 2F
1-1: SINGLE (Flyball, 7S)
Addison Russell to third
Runner from 3rd tries for Home, SAFE, throw by LF to home
Batting: RHB Tommy Pham 0-0: Called Strike
0-1: Foul Ball, location: 2F
0-2: Fly out, F6 (Popup, 15)
Top of the 6th over - 3 runs, 4 hits, 0 errors, 1 left on base; Milwaukee 3 - Chicago 2
BOTTOM OF THE 6TH
Chicago Cubs batting - Pitching for Milwaukee Brewers : RHP Collin McHugh
Batting: RHB Willson Contreras 0-0: Called Strike
0-1: Ground out 6-3 (Groundball, 6)
Batting: RHB Stephen Piscotty 0-0: Ball
1-0: Fly out, F4 (Popup, 4S)
Batting: RHB Jedd Gyorko 0-0: Called Strike
0-1: Ball
1-1: Ground out 1-3 (Groundball, P)
Bottom of the 6th over - 0 runs, 0 hits, 0 errors, 0 left on base; Milwaukee 3 - Chicago 2
TOP OF THE 7TH
Milwaukee Brewers batting - Pitching for Chicago Cubs : RHP David Phelps
Pitching: RHP Giovanny Gallegos
Batting: RHB Aaron Judge 0-0: Called Strike
0-1: Ball
1-1: SINGLE (Flyball, 8LS)
Batting: RHB Logan Forsythe 0-0: Ball
1-0: 2-RUN HOME RUN (Flyball, 7LD), Distance : 382 ft
Pitching: LHP Tony Cingrani
Batting: LHB Seth Smith 0-0: Ground out 1-3 (Groundball, 13S)
Batting: RHB Miguel Cabrera 0-0: Ball
1-0: Swinging Strike
1-1: Ball
2-1: Swinging Strike
2-2: Strikes out looking
Batting: RHB Eugenio Suarez 0-0: Ball
1-0: Called Strike
1-1: Ball
2-1: Fly out, F9 (Line Drive, 9)
Top of the 7th over - 2 runs, 2 hits, 0 errors, 0 left on base; Milwaukee 5 - Chicago 2
BOTTOM OF THE 7TH
Chicago Cubs batting - Pitching for Milwaukee Brewers : RHP Collin McHugh
Pitching: RHP Mark Melancon
Batting: SHB Ehire Adrianza 0-0: Ball
1-0: Fly out, F3 (Popup, 3SF)
Batting: RHB Kyle Lewis 0-0: Foul Ball, location: 2F
0-1: Ball
1-1: Foul Ball, location: 2F
1-2: Strikes out looking
Pinch Hitting: RHB Jose Bautista 0-0: DOUBLE (Line Drive, 78XD)
Batting: SHB Yoan Moncada 0-0: Ball
1-0: Fly out, F2 (Popup, 2L)
Bottom of the 7th over - 0 runs, 1 hit, 0 errors, 1 left on base; Milwaukee 5 - Chicago 2
TOP OF THE 8TH
Milwaukee Brewers batting - Pitching for Chicago Cubs : LHP Tony Cingrani
Pitching: RHP Dillon Maples
Batting: RHB Addison Russell 0-0: Called Strike
0-1: Ball
1-1: Ball
2-1: Ground out U3 (Groundball, 3)
Pinch Hitting: RHB Jabari Blash 0-0: Called Strike
0-1: Called Strike
0-2: Ball
1-2: Ball
2-2: Ball
3-2: TRIPLE (Flyball, 89XD)
Batting: RHB Austin Barnes 0-0: Ball
1-0: Ball
2-0: Called Strike
2-1: Ball
3-1: Called Strike
3-2: Foul Ball, location: 2F
3-2: Foul Ball, location: 2F
3-2: Base on Balls
Pitching: RHP David Paulino
Batting: RHB Tommy Pham 0-0: Swinging Strike
0-1: Called Strike
0-2: Fielders Choice at 2nd, 1-6 (Groundball, P)
Batting: RHB Aaron Judge 0-0: Called Strike
0-1: Foul Ball, location: 2F
0-2: Ball
1-2: Strikes out looking
Top of the 8th over - 0 runs, 1 hit, 0 errors, 2 left on base; Milwaukee 5 - Chicago 2
BOTTOM OF THE 8TH
Chicago Cubs batting - Pitching for Milwaukee Brewers : RHP Mark Melancon
Pitching: RHP Addison Reed
Batting: LHB Carlos Asuaje 0-0: Ball
1-0: Called Strike
1-1: Ball
2-1: Ball
3-1: Base on Balls
Pitching: LHP Grant Dayton
Batting: LHB Cody Bellinger 0-0: Ball
1-0: Grounds into double play, 4-6-3 (Groundball, 4)
Pitching: RHP Daniel Hudson
Batting: RHB Willson Contreras 0-0: Foul Ball, location: 2F
0-1: Foul Ball, location: 2F
0-2: Strikes out looking
Bottom of the 8th over - 0 runs, 0 hits, 0 errors, 0 left on base; Milwaukee 5 - Chicago 2
TOP OF THE 9TH
Milwaukee Brewers batting - Pitching for Chicago Cubs : RHP David Paulino
Batting: RHB Logan Forsythe 0-0: SINGLE (Groundball, 4MD)
Batting: LHB Seth Smith 0-0: Foul Ball, location: 2F
0-1: Ball
1-1: Ball
2-1: Ball
3-1: Swinging Strike
3-2: Base on Balls
Logan Forsythe to second
Batting: RHB Miguel Cabrera 0-0: Ball
1-0: Ball
2-0: Swinging Strike
2-1: Swinging Strike
2-2: Ball
3-2: Strikes out looking
Batting: RHB Eugenio Suarez 0-0: Ball
1-0: Ball
2-0: SINGLE (Line Drive, 7S)
Logan Forsythe to third
Seth Smith to second
Runner from 3rd tries for Home, SAFE, no throw by LF
Batting: RHB Addison Russell 0-0: Called Strike
0-1: Fly out, F9 (Line Drive, 9)
Pinch Hitting: LHB Lucas Duda 0-0: Ground out U3 (Groundball, 3)
Top of the 9th over - 1 run, 2 hits, 0 errors, 2 left on base; Milwaukee 6 - Chicago 2
BOTTOM OF THE 9TH
Chicago Cubs batting - Pitching for Milwaukee Brewers : RHP Daniel Hudson
Pitching: RHP Aaron Barrett
Batting: RHB Stephen Piscotty 0-0: Ball
1-0: Called Strike
1-1: Ball
2-1: Foul Ball, location: 2F
2-2: Strikes out swinging
Batting: RHB Jedd Gyorko 0-0: Ball
1-0: Foul Ball, location: 2F
1-1: Swinging Strike
1-2: Ground out 1-3 (Groundball, 13)
Batting: SHB Ehire Adrianza 0-0: Called Strike
0-1: Called Strike
0-2: Strikes out swinging
Bottom of the 9th over - 0 runs, 0 hits, 0 errors, 0 left on base; Milwaukee 6 - Chicago 2
Friday, November 23rd, 2018 - OOTP Baseball 19.9 Build 117